 Dungeon Crawl Stone Soup version 0.29-a0-322-g68df515428 (webtiles) character file.

Game seed: 4597024120660349632

3080 Ijustatesigmund the Deliberate (level 9, -1/50 HPs)
             Began as a Tengu Fire Elementalist on Apr 7, 2022.
             Was a Follower of Cheibriados.
             Engulfed by a cloud of steam (4 damage)
             ... on level 9 of the Dungeon.
             The game lasted 00:20:53 (11953 turns).

Ijustatesigmund the Deliberate (TeFE)              Turns: 11953, Time: 00:20:54

Health: -1/50      AC:  4    Str: 12    XL:     9   Next: 89%
Magic:  13/16      EV: 14    Int: 20    God:    Cheibriados [*.....]
Gold:   517        SH:  5    Dex: 18    Spells: 8/15 levels left

rFire   . . .      SeeInvis .   c - +5 dagger (vamp)
rCold   . . .      Faith    .   t - +0 buckler
rNeg    . . .      Spirit   .   a - +0 robe
rPois   .          Reflect  .   (helmet restricted)
rElec   .          Harm     .   u - +0 cloak
rCorr   +          Rampage  .   (no gloves)
Will    .....                   (boots unavailable)
Stlth   ++........              s - amulet of regeneration
HPRegen 0.96/turn               h - ring of resist corrosion
MPRegen 0.15/turn               (no ring)

@: flying quickly and evasively, very slow
A: beak, talons 3, nimble flight, dopey 1, shaggy fur 1
a: Renounce Religion, Bend Time


You were on level 9 of the Dungeon.
You worshipped Cheibriados.
Cheibriados was aware of your devotion.
You visited 2 branches of the dungeon, and saw 10 of its levels.

You collected 543 gold pieces.
You spent 26 gold pieces at shops.

Inventory:

Hand Weapons
 c - a +5 vampiric dagger (weapon)
Armour
 a - a +0 robe (worn)
 t - a +0 buckler (worn)
 u - a +0 cloak (worn)
Magical Staves
 y - a staff of fire
Jewellery
 h - a ring of resist corrosion (left hand)
 s - an amulet of regeneration (around neck)
 w - an amulet of the acrobat
Wands
 g - a wand of flame (32)
 k - a wand of acid (5)
 p - a wand of paralysis (6)
 q - a wand of iceblast (2)
Scrolls
 e - 2 scrolls of teleportation
 o - a scroll of identify
 r - a scroll of fear
 v - 2 scrolls of fog
 x - a scroll of summoning {unknown}
 z - a scroll of amnesia
 A - a scroll of holy word {unknown}
Potions
 b - 2 potions of magic
 d - a potion of lignification
 f - 2 potions of flight
 i - 3 potions of brilliance
 j - a potion of attraction
 l - 2 potions of cancellation
 m - 3 potions of curing
 n - 2 potions of degeneration {unknown}
 B - a potion of ambrosia {unknown}


   Skills:
 - Level 3.1 Fighting
 - Level 2.1 Short Blades
 - Level 2.1 Dodging
 - Level 2.0 Stealth
 - Level 3.2 Shields
 - Level 3.6 Spellcasting
 - Level 6.2 Conjurations
 - Level 6.1 Fire Magic
 + Level 8.9 Invocations


You had 8 spell levels left.
You knew the following spells:

 Your Spells              Type           Power      Damage    Failure   Level
a - Foxfire               Conj/Fire      100%       2x1d9     1%          1
b - Scorch                Fire           56%        2d7       2%          2
c - Flame Wave            Conj/Fire      28%        2d8       14%         4

Your spell library contained the following spells:

 Spells                   Type           Power      Damage    Failure   Level
 Conjure Flame            Conj/Fire      28%        6-21      4%          3
 Inner Flame              Hex/Fire       15%        N/A       16%         3
 Animate Skeleton         Necr           6%         N/A       19%         1
 Pain                     Necr           12%        1d4       19%         1
 Gell's Gravitas          Tloc           3%         N/A       47%         3
 Teleport Other           Tloc           3%         N/A       47%         3
 Tukima's Dance           Hex            3%         N/A       47%         3
 Vampiric Draining        Necr           3%         2d6       47%         3
 Anguish                  Hex/Necr       1%         N/A       87%         4
 Cause Fear               Hex            1%         N/A       87%         4
 Dispersal                Tloc           1%         N/A       100%        6
 Dragon Form              Tmut           1%         N/A       100%        7
 Enfeeble                 Hex            1%         N/A       100%        7
 Dragon's Call            Summ           1%         N/A       100%        9


Dungeon Overview and Level Annotations

Branches:
Dungeon (9/15)             Temple (1/1) D:7
   Lair: D:8-11         Orc: D:9-12

Altars:
Ashenzari
Cheibriados
Dithmenos
Elyvilon
Fedhas
Hepliaklqana
Kikubaaqudgha
Makhleb
Nemelex Xobeh
Okawaru
Qazlal
Sif Muna
Trog
Uskayaw
Vehumet
Wu Jian
Xom
Yredelemnul
Zin
The Shining One

Shops:
D:4 (   D:5 *   D:9 !


Innate Abilities, Weirdness & Mutations

You have a beak for a mouth.
You have claws for feet.
Your magical nature lets you fly swiftly and evasively.
You are dopey. (Int -2)
You are covered in fur. (AC +1)


Message History

You hit the steam dragon.
You feel better.
You claw the steam dragon.
The steam dragon is severely wounded.
The steam dragon breathes steam at you. The ball of steam hits you.
You hit the steam dragon.
You feel better.
The steam dragon is severely wounded.
The steam dragon barely misses you. The steam dragon claws you.
You hit the steam dragon but do no damage.
The steam dragon is severely wounded.
You block the steam dragon's attack. The steam dragon barely misses you.
Casting: Scorch (safe; 2% risk of failure)
Confirm with . or Enter, or press ? or * to list all spells.
You conjure some foxfire!
The steam dragon breathes steam at you. The ball of steam hits you!!
You are engulfed in a cloud of scalding steam.
* * * LOW HITPOINT WARNING * * *
The foxfire hits the steam dragon but does no damage.
The steam dragon is severely wounded.
The foxfire hits the steam dragon.
The steam dragon is almost dead.
The steam dragon bites you.
* * * LOW HITPOINT WARNING * * *
The steam dragon claws you but does no damage.
Casting: Foxfire (safe; 1% risk of failure)
Confirm with . or Enter, or press ? or * to list all spells.
Flames lash the steam dragon.
The steam dragon is almost dead.
The steam dragon's fire resistance burns away.
You are engulfed in a cloud of scalding steam.
* * * LOW HITPOINT WARNING * * *
The steam dragon barely misses you. You block the steam dragon's attack.
Aiming: Corrosive Bolt
Press: ? - help, Shift-Dir - straight line, f - steam dragon
Aim: a steam dragon (black smoke, lava, almost dead, more vulnerable to fire, 71% to hit)
The bolt of acid hits the steam dragon!!
You kill the steam dragon!
Cheibriados appreciates the change of pace.
You are engulfed in a cloud of scalding steam.
You die...

....≈.≈≈≈≈≈≈≈.≈.#
#+#.≈.§..§..§.≈.#
#..§§§≈§≈§≈§≈.≈.#
#...≈§§.§∩§.≈.≈.#
#.#.≈§≈§§§§§§.≈.#
....≈.≈.§§§≈§.≈.#
..§.≈.≈.§§....≈.#
..§.≈.≈§§§≈≈≈≈§.#
..#.≈..§..@.....#
..#.≈≈≈≈≈§≈§≈≈§.#
.[......§.§....#
#.##########..###
#. .## .# #


There were no monsters in sight!

Vanquished Creatures
  A hornet (D:6)
  3 slime creatures (D:8)
  A steam dragon (D:9)
  Menkaure (D:7)
  An acid dragon (D:8)
  2 sky beasts
  A black bear (D:5)
  An orc warrior (D:8)
  An ogre (D:6)
  A phantom (D:6)
  A kobold brigand (D:7)
  2 bullfrogs
  A necrophage (D:5)
  A wight (D:7)
  4 howler monkeys
  A lava snake (D:9)
  5 orc priests
  3 hounds
  Jessica (D:2)
  2 iguanas
  6 orc wizards
  4 gnolls
  8 adders
  A river rat (D:4)
  An ufetubus (D:5)
  A worm (D:2)
  3 dart slugs
  28 orcs
  4 endoplasms
  3 giant cockroaches
  12 goblins
  8 hobgoblins
  6 quokkas
  6 ball pythons
  4 bats
  3 frilled lizards
  12 kobolds
  6 rats
150 creatures vanquished.

Vanquished Creatures (others)
  357 foxfires
357 creatures vanquished.

Grand Total: 507 creatures vanquished

Notes
Turn   | Place    | Note
-------+----------+-------------------------------------------
     0 | D:1      | Ijustatesigmund the Tengu Fire Elementalist began the quest
                  | for the Orb.
     0 | D:1      | Reached XP level 1. HP: 10/10 MP: 4/4
   257 | D:1      | Reached XP level 2. HP: 15/15 MP: 0/6
   316 | D:1      | Learned a level 2 spell: Scorch
  1171 | D:1      | Reached XP level 3. HP: 19/19 MP: 4/7
  1553 | D:2      | Found a faded altar of an unknown god.
  1661 | D:2      | Noticed Jessica
  1669 | D:2      | Killed Jessica
  1670 | D:2      | Reached skill level 1 in Short Blades
  1670 | D:2      | Reached XP level 4. HP: 4/24 MP: 3/8
  3442 | D:4      | Found Eceifes's Weapon Shop.
  3520 | D:4      | Found a hazy altar of Hepliaklqana.
  3527 | D:4      | Gained mutation: Your magical nature lets you fly swiftly
                  | and evasively. [Tengu growth]
  3527 | D:4      | Reached XP level 5. HP: 28/28 MP: 9/9
  3752 | D:4      | Found a basalt altar of Yredelemnul.
  5135 | D:3      | Reached skill level 1 in Shields
  5135 | D:3      | Reached skill level 5 in Fire Magic
  5389 | D:3      | Reached XP level 6. HP: 22/32 MP: 7/10
  5712 | D:5      | Entered Level 5 of the Dungeon
  5724 | D:4      | Reached skill level 5 in Conjurations
  5926 | D:4      | Learned a level 4 spell: Flame Wave
  6585 | D:5      | Gained mutation: Your body sometimes deteriorates upon
                  | taking damage. [potion of mutation]
  6585 | D:5      | Gained mutation: You are dopey. (Int -2) [potion of
                  | mutation]
  6586 | D:5      | Lost mutation: Your body sometimes deteriorates upon taking
                  | damage. [potion of mutation]
  6586 | D:5      | Lost mutation: You are dopey. (Int -2) [potion of mutation]
  6586 | D:5      | Gained mutation: You are dopey. (Int -2) [potion of
                  | mutation]
  6586 | D:5      | Gained mutation: You are covered in fur. (AC +1) [potion of
                  | mutation]
  6875 | D:5      | Noticed a black bear
  7501 | D:5      | Killed a black bear
  7502 | D:5      | Reached XP level 7. HP: 36/36 MP: 4/11
  7950 | D:5      | Found Xymm's General Store.
  7961 | D:5      | Bought a scroll of fog for 26 gold pieces
  8008 | D:6      | Reached skill level 1 in Fighting
  8554 | D:6      | Reached XP level 8. HP: 32/45 MP: 10/13
  8818 | D:7      | Noticed Menkaure
  8825 | D:7      | Killed Menkaure
  8924 | D:7      | Found a staircase to the Ecumenical Temple.
  8938 | Temple   | Entered the Ecumenical Temple
  9142 | Temple   | Became a worshipper of Cheibriados the Contemplative
  9214 | D:7      | Reached skill level 1 in Invocations
  9320 | D:7      | Reached skill level 2 in Invocations
  9429 | D:7      | Found an ornate altar of the Wu Jian Council.
  9463 | D:7      | Reached skill level 3 in Invocations
  9493 | D:7      | Found a glowing golden altar of the Shining One.
  9562 | D:7      | Noticed a hornet
  9567 | D:7      | Paralysed by a hornet for 2 turns
 10021 | D:6      | Reached skill level 4 in Invocations
 10141 | D:6      | Paralysed by a hornet for 1 turns
 10144 | D:6      | Killed a hornet
 10145 | D:6      | Reached skill level 5 in Invocations
 10316 | D:7      | Reached XP level 9. HP: 45/47 MP: 9/15
 10577 | D:8      | Reached * piety under Cheibriados
 11007 | D:8      | Reached skill level 6 in Invocations
 11014 | D:8      | Killed a large slime creature
 11015 | D:8      | Reached skill level 7 in Invocations
 11263 | D:8      | Killed a large slime creature
 11264 | D:8      | Reached skill level 8 in Invocations
 11923 | D:9      | Found Afuanwic's Distillery.
 11952 | D:9      | HP: 2/50 [steam dragon] (6)]
 11953 | D:9      | Engulfed by a cloud of steam

Illustrated notes

Levels and vault maps discovered:
D:1:      wander_arrival_abandoned_jail, layout_loops_corners
D:2:      layout_loops_corners, nicolae_ecumenical_pavilion, uniq_jessica
D:3:      layout_basic
D:4:      layout_layer_cave, worldfamousw_hep_ancestral_shrine,
          mainiacjoe_overflow_cross_hatched, gup_sewer_entry_bowl, serial_shops,
          nicolae_shop_bloodbath_and_beyond
D:5:      layout_cave_pods, serial_shops, nicolae_lakefront_shop
D:6:      layout_basic
D:7:      layout_basic, mainiacjoe_overflow_alcove_4, kennysheep_mini_moat,
          minmay_temple_entry_mini_moons, uniq_menkaure
D:8:      layout_cave_pods, nicolae_concentric_dashed_squares_mild
D:9:      layout_loops_corners, nicolae_gozag_zags_fifth_avenue,
          nicolae_ru_path_of_blood, serial_shops, nicolae_inconvenience_store,
          nicolae_shop_trees, shop, nicolae_shop_window_shopping, uniq_maggie
Temple:   eino_temple_scatter_basement

Skill      XL: |  1  2  3  4  5  6  7  8  9 |
---------------+----------------------------+-----
Conjurations   | 2 3 4 5 6 |  6.2
Fire Magic     | 4 5 6 |  6.1
Short Blades   | 1 2 |  2.1
Shields        | 1 2 3 |  3.2
Fighting       | 2 3 |  3.1
Spellcasting   | 3 |  3.6
Invocations    | 5 8 |  8.9
Dodging        | |  2.1
Stealth        | |  2.0

Action                   |  1- 3 |  4- 6 |  7- 9 || total
-------------------------+-------+-------+-------++-------
Melee: Dagger            |       |    63 |    70 ||   133
       Kick              |       |    14 |    20 ||    34
       Peck              |       |     9 |    12 ||    21
 Cast: Foxfire           |    54 |   106 |    68 ||   228
       Scorch            |       |     5 |    34 ||    39
       Flame Wave        |       |       |     2 ||     2
Evoke: Wand              |       |       |    20 ||    20
  Use: Scroll            |       |    13 |     5 ||    18
       Potion            |       |     2 |     4 ||     6
 Stab: Sleeping          |       |       |     2 ||     2
       Paralysed         |       |       |     9 ||     9
Armor: Robe              |     2 |    15 |    19 ||    36
Dodge: Dodged            |     6 |    85 |    49 ||   140
Block: Buckler           |       |    17 |    31 ||    48

Table legend: (Time is in decaauts)
 A = Elapsed time spent in this place.
 B = Non-inter-level travel time spent in this place.
 C = Inter-level travel time spent in this place.
 D = Time resting spent in this place.
 E = Time spent auto-exploring this place.
 F = Levels seen in this place.
 G = Mean time per level.
                   A        B        C        D        E       F      G
               +--------+--------+--------+--------+--------+-----+--------+
         Total |  12077 |  11804 |    273 |   3614 |   6828 |  10 | 1207.7 |
       Dungeon |  11871 |  11646 |    225 |   3614 |   6685 |   9 | 1319.0 |
        Temple |    205 |    158 |     47 |      0 |    143 |   1 |  205.0 |
               +--------+--------+--------+--------+--------+-----+--------+

Top non-repeatable levels by time:
     D:4: 2308 daAuts
     D:1: 1552 daAuts
     D:8: 1538 daAuts
     D:5: 1415 daAuts
     D:6: 1371 daAuts
     D:3: 1282 daAuts
     D:2: 1242 daAuts
     D:7: 1063 daAuts
  Temple: 205 daAuts
     D:9: 96 daAuts
